 Dungeon Crawl Stone Soup version 0.24-a0-581-gc0fa6600bf (webtiles) character file.

Game seed: 1643841770684836234

968 Mithandil the Distorting Demonspawn (level 7, -7/55 HPs)
             Began as a Demonspawn Abyssal Knight on Aug 24, 2019.
             Was a Believer of Lugonu.
             Mangled by an orc warrior
             ... wielding a +0 halberd
              (14 damage)
             ... on level 6 of the Dungeon.
             The game lasted 00:25:13 (6263 turns).

Mithandil the Distorting Demonspawn (DsAK)          Turns: 6263, Time: 00:25:14

Health: -7/55      AC: 13    Str: 19      XL:     7   Next: 93%
Magic:  10/10      EV: 14    Int: 13 (14) God:    Lugonu [**....]
Gold:   366        SH: 11    Dex: 17      Spells: 6/6 levels left

rFire    . . .     SeeInvis .   a - +4 whip (pain)
rCold    . . .     Gourm    .   m - +2 shield
rNeg     . . .     Faith    .   j - +0 plate armour
rPois    .         Spirit   .   k - +0 helmet
rElec    .         Reflect  .   (no cloak)
rCorr    .         Harm     .   (no gloves)
MR       +....                  (no boots)
Stlth    ..........             (no amulet)
HPRegen  0.18/turn              f - +5 ring of evasion
MPRegen  0.12/turn              l - ring of wizardry

@: mighty, agile
A: rugged brown scales 1, magic resistance 1, powered by pain 1, screaming 1
a: Depart the Abyss, Bend Space, Renounce Religion


You were on level 6 of the Dungeon.
You worshipped Lugonu.
Lugonu was pleased with you.
You were not hungry.

You visited 1 branch of the dungeon, and saw 6 of its levels.
You visited the Abyss 1 time.
You also visited: Sewer.

You collected 366 gold pieces.

Inventory:

Hand Weapons
 a - a +4 whip of pain (weapon)
 b - a +1 whip of venom
 u - a +1 falchion
 y - a +0 trident
Missiles
 g - 16 curare-tipped darts (quivered)
 i - 67 bolts
 z - 58 sling bullets
 A - a throwing net
Armour
 j - a +0 plate armour (worn)
 k - a +0 helmet (worn)
 m - a +2 shield (worn)
Jewellery
 f - a +5 ring of evasion (left hand)
 l - a ring of wizardry (right hand)
Wands
 h - a wand of enslavement (4)
 n - a wand of clouds (4)
 x - a wand of flame (29)
Scrolls
 d - 5 scrolls of remove curse
 e - 2 scrolls of teleportation
 o - a scroll of fog
 q - 7 scrolls of identify
 v - a scroll of amnesia
Potions
 p - 2 potions of curing
 r - a potion of resistance
Comestibles
 c - 13 rations
 s - 2 chunks of flesh


   Skills:
 + Level 4.3 Fighting
 - Level 2.2 Long Blades
 * Level 3.7 Maces & Flails
 + Level 3.3 Armour
 + Level 2.9 Dodging
 + Level 1.4 Stealth
 * Level 2.7 Shields
 - Level 2.0 Unarmed Combat
 + Level 4.8 Invocations


You had 6 spell levels left.
You didn't know any spells.
Your spell library was empty.

Dungeon Overview and Level Annotations

Branches:
Dungeon (6/15)              Sewer (visited)
 Temple: D:4-7

Altars:
Elyvilon
Vehumet


Innate Abilities, Weirdness & Mutations

You are partially covered in rugged brown scales. (AC +1, +3% HP)
You sometimes gain a little power by taking damage.
You are resistant to hostile enchantments. (MR+)
You occasionally shout uncontrollably at your foes.


Message History

The orc hits you but does no damage. The leopard gecko misses you.
You hit the orc warrior.
The orc warrior is severely wounded.
The orc wizard closely misses you.
The orc priest casts a cantrip, but nothing happens.
You block the orc's attack. You block the leopard gecko's attack.
The orc wizard misses you. The orc closely misses you.
The orc warrior hits you with a +0 halberd!
* * * LOW HITPOINT WARNING * * *
You focus on the pain.
You feel mightier all of a sudden.
You hit the orc warrior.
The orc warrior is almost dead.
You block the orc wizard's attack. You block the orc's attack.
The leopard gecko closely misses you. The orc closely misses you.
You hit the orc warrior.
The orc warrior is almost dead.
The orc wizard hits you but does no damage.
The orc warrior hits you with a +0 halberd!
You die...

# ### #. (.#
#.##.# ....$
#..# #..### #
#.<.o##.####.
#.##l@oo.....
#....oo.#####
#########


You could see an orc warrior, an orc priest, an orc wizard, 2 orcs and a leopard
gecko.

Vanquished Creatures
  Purgy (Sewer)
  An ice beast (D:5)
  A sky beast (D:4)
  A bullfrog (D:4)
  The ghost of wazuzu the Cudgeler, a weakling OgGl (D:3)
  2 scorpions (D:4)
  A howler monkey (D:4)
  2 hounds (D:4)
  A jelly (D:2)
  An orc wizard (D:6)
  An iguana (D:5)
  3 worker ants (D:4)
  13 adders
  An ooze (D:2)
  An adder skeleton (D:5)
  5 worms
  A dart slug (D:1)
  9 leopard geckos
  4 orcs
  10 giant cockroaches
  4 goblins (D:2)
  9 hobgoblins
  6 jackals
  2 quokkas
  3 ball pythons
  9 bats
  3 frilled lizards
  6 kobolds
  6 rats
108 creatures vanquished.

Notes
Turn   | Place    | Note
-------+----------+-------------------------------------------
     0 | Abyss:1  | Mithandil the Demonspawn Abyssal Knight began the quest for
                  | the Orb.
     0 | Abyss:1  | Reached XP level 1. HP: 18/18 MP: 2/2
     9 | Abyss:1  | Noticed a starcursed mass
     9 | Abyss:1  | Noticed an ophan
     9 | Abyss:1  | Noticed a sun demon
     9 | Abyss:1  | Noticed an apocalypse crab
    10 | D:1      | Escaped the Abyss
   105 | D:1      | Reached skill level 1 in Dodging
   371 | D:1      | Gained mutation: You are partially covered in rugged brown
                  | scales. (AC +1, +3% HP) [demonic ancestry]
   371 | D:1      | Reached XP level 2. HP: 17/24 MP: 3/3
   534 | D:1      | Reached * piety under Lugonu
   893 | D:1      | Gained mutation: You occasionally shout uncontrollably at
                  | your foes. [potion of mutation]
   893 | D:1      | Gained mutation: You are resistant to hostile enchantments.
                  | (MR+) [potion of mutation]
  1013 | D:2      | Gained mutation: You sometimes gain a little power by
                  | taking damage. [demonic ancestry]
  1013 | D:2      | Reached XP level 3. HP: 29/29 MP: 5/5
  1684 | D:2      | Found a white marble altar of Elyvilon.
  1689 | D:2      | Reached skill level 1 in Maces & Flails
  1731 | D:2      | Reached skill level 1 in Unarmed Combat
  1731 | D:2      | Reached XP level 4. HP: 22/36 MP: 6/6
  2242 | D:3      | Found a glowing drain.
  2263 | Sewer    | Entered a sewer
  2272 | Sewer    | Reached ** piety under Lugonu
  2477 | Sewer    | Noticed Purgy
  2508 | Sewer    | Killed Purgy
  2508 | Sewer    | Reached XP level 5. HP: 23/42 MP: 7/7
  3220 | D:4      | Reached XP level 6. HP: 35/49 MP: 8/8
  3356 | D:5      | Entered Level 5 of the Dungeon
  3634 | D:4      | Reached skill level 1 in Shields
  3854 | D:3      | Found a runed translucent door.
  3854 | D:3      | Noticed wazuzu's ghost (weakling OgGl)
  3875 | D:3      | Killed wazuzu's ghost
  4815 | D:4      | Reached XP level 7. HP: 40/54 MP: 10/10
  5194 | D:4      | Reached skill level 1 in Stealth
  6182 | D:5      | Found a radiant altar of Vehumet.
  6219 | D:5      | Identified a scroll of acquirement
  6263 | D:6      | Mangled by an orc warrior

Levels and vault maps discovered:
D:1:      psy_arrival_dodecagon, layout_basic
D:2:      layout_loops_ring, elyvilon_altar_3, uniq_natasha
D:3:      layout_basic, gup_sewer_entry_pipe, first_ration,
          gammafunk_ghost_grave, grunt_ministairs_12, mrwooster_statue_mirror,
          kennysheep_small_spiral
D:4:      layout_basic
D:5:      layout_basic, lemuel_coloured_pillars_altar, basic_altar
D:6:      layout_loops_cross, grunt_dithmenos_smoke, temple_doors_e, basic_altar

Skill      XL: |  1  2  3  4  5  6  7 |
---------------+----------------------+-----
Dodging        | 1 2 |  2.9
Long Blades    | 2 |  2.2
Armour         | 2 3 |  3.3
Invocations    | 3 4 |  4.8
Maces & Flails | 1 2 3 |  3.7
Unarmed Combat | 1 2 |  2.0
Shields        | 1 2 |  2.7
Fighting       | 4 |  4.3
Stealth        | 1 |  1.4

Action                   |  1- 3 |  4- 6 |  7- 9 || total
-------------------------+-------+-------+-------++-------
Melee: Falchion          |    69 |       |       ||    69
       Whip              |    54 |   322 |   147 ||   523
Invok: Depart the Abyss  |     1 |       |       ||     1
  Use: Potion            |     3 |     7 |     1 ||    11
       Scroll            |     3 |     2 |     2 ||     7
  Eat: Chunk             |     2 |    11 |     5 ||    18
Armor: Chain mail        |    82 |   187 |       ||   269
       Plate armour      |       |   139 |    74 ||   213
Dodge: Dodged            |    41 |   150 |    52 ||   243
Block: Shield            |       |   113 |    89 ||   202
       Rpst.: Falchion   |    10 |       |       ||    10

Table legend:
 A = Non-vault XP
 B = Vault XP
 C = Vault XP percentage of total XP
 D = Non-vault monster count
 E = Vault monster count
 F = Vault count percentage of total count
                 A         B        C        D         E       F
            +---------+---------+-------+---------+---------+-------
      Total |    1147 |     237 |  17.1 |      91 |      17 |  15.7
            +---------+---------+-------+---------+---------+-------
        D:1 |      34 |       0 |   0.0 |      18 |       0 |   0.0
        D:2 |     137 |       0 |   0.0 |      25 |       0 |   0.0
        D:3 |     135 |      93 |  40.8 |      26 |      11 |  29.7
        D:4 |     627 |       0 |   0.0 |      15 |       0 |   0.0
        D:5 |     172 |       0 |   0.0 |       4 |       0 |   0.0
        D:6 |      42 |       0 |   0.0 |       3 |       0 |   0.0
      Sewer |       0 |     144 | 100.0 |       0 |       6 | 100.0
            +---------+---------+-------+---------+---------+-------
